 Dungeon Crawl Stone Soup version 0.29-a0-275-g389c0b56f3 (webtiles) character file.

Game seed: 11142840713015590278

601 kae the Ruffian (level 7, -1/56 HPs)
             Began as a Purple Draconian Transmuter on Mar 10, 2022.
             Was an Initiate of Ru.
             Slain by a boulder beetle (7 damage)
             ... on level 5 of the Dungeon.
             The game lasted 00:03:38 (6309 turns).

kae the Ruffian (Purple Draconian Transmuter)       Turns: 6309, Time: 00:03:39

Health: -1/56      AC: 12    Str: 12    XL:     7   Next: 18%
Magic:  12/12      EV: 16    Int: 16    God:    Ru [......]
Gold:   300        SH:  0    Dex: 11    Spells: 5/13 levels left

rFire   . . .      SeeInvis .     - Unarmed
rCold   . . .      Faith    .   (no shield)
rNeg    . . .      Spirit   .   (body armour unavailable)
rPois   .          Reflect  .   x - +1 hat
rElec   .          Harm     .   o - +0 cloak
rCorr   .          Rampage  .   (no gloves)
Will    +....                   (no boots)
Stlth   +.........              (no amulet)
HPRegen 0.18/turn               j - +4 ring of evasion
MPRegen 0.13/turn               m - +4 ring of protection

@: on berserk cooldown, slowed, very slow
A: breathe power, AC +6, unfitting armour, cold-blooded
a: Breathe Dispelling Energy, Renounce Religion


You were on level 5 of the Dungeon.
You worshipped Ru.
Ru was noncommittal.
You visited 2 branches of the dungeon, and saw 7 of its levels.

You collected 300 gold pieces.

Inventory:

Armour
 o - a +0 cloak (worn)
 x - a +1 hat (worn)
Jewellery
 g - a ring of ice
 j - a +4 ring of evasion (left hand)
 m - a +4 ring of protection (right hand)
 t - an amulet of the acrobat
Wands
 w - a wand of mindburst (12)
Scrolls
 i - 2 scrolls of identify
 k - 2 scrolls of brand weapon
 n - a scroll of teleportation
 p - a scroll of immolation {unknown}
 s - a scroll of vulnerability {unknown}
 v - a scroll of enchant armour {unknown}
Potions
 a - 3 potions of lignification
 b - a potion of berserk rage
 c - a potion of experience
 d - 2 potions of curing
 e - 2 potions of cancellation
 f - a potion of heal wounds
 h - a potion of might
 l - a potion of mutation {unknown}
 q - a potion of attraction {unknown}
 r - 2 potions of haste {unknown}
 z - a potion of degeneration {unknown}


   Skills:
 + Level 2.7 Fighting
 + Level 2.9 Dodging
 * Level 4.7 Unarmed Combat
 + Level 3.5 Spellcasting
 * Level 4.1 Transmutations
 * Level 2.4 Ice Magic
 - Level 2.0 Poison Magic


You had 5 spell levels left.
You knew the following spells:

 Your Spells              Type           Power      Damage    Failure   Level
a - Beastly Appendage     Tmut           32%        N/A       3%          1
b - Spider Form           Tmut/Pois      12%        N/A       16%         3
c - Ice Form              Ice/Tmut       13%        N/A       41%         4

Your spell library contained the following spells:

 Spells                   Type           Power      Damage    Failure   Level
 Wereblood                Tmut           16%        N/A       4%          2
 Frozen Ramparts          Ice            20%        1d4       21%         3
 Summon Ice Beast         Ice/Summ       6%         N/A       71%         4


Dungeon Overview and Level Annotations

Branches:
Dungeon (6/15)             Temple (1/1) D:5

Altars:
Ashenzari
Cheibriados
Dithmenos
Elyvilon
Fedhas
Hepliaklqana
Kikubaaqudgha
Nemelex Xobeh
Okawaru
Ru
Sif Muna
Trog
Uskayaw
Wu Jian
Xom
Yredelemnul
The Shining One

Shops:
D:3 [   D:5 =


Innate Abilities, Weirdness & Mutations

You can breathe bolts of dispelling energy.
Your rich purple scales are hard. (AC +6)
You cannot fit into any form of body armour.
You are cold-blooded and may be slowed by cold attacks.


Message History

You hit the boulder beetle.
The boulder beetle is moderately wounded.
You barely miss the boulder beetle.
You tail-slap the boulder beetle, but do no damage.
The boulder beetle is moderately wounded.
The boulder beetle completely misses you.
You barely miss the boulder beetle.
You tail-slap the boulder beetle, but do no damage.
The boulder beetle is moderately wounded.
You hit the boulder beetle.
The boulder beetle is moderately wounded.
The boulder beetle misses you.
You hit the boulder beetle but do no damage.
The boulder beetle is moderately wounded.
The boulder beetle bites you!!
* * * LOW HITPOINT WARNING * * *
You punch the boulder beetle!
You tail-slap the boulder beetle, but do no damage.
The boulder beetle is heavily wounded.
You hit the boulder beetle but do no damage.
The boulder beetle is heavily wounded.
The boulder beetle bites you but does no damage.
You hit the boulder beetle but do no damage.
The boulder beetle is heavily wounded.
The boulder beetle bites you.
* * * LOW HITPOINT WARNING * * *
You hit the boulder beetle.
The boulder beetle is heavily wounded.
You punch the boulder beetle!
The boulder beetle is heavily wounded.
The boulder beetle bites you but does no damage.
You completely miss the boulder beetle. You punch the boulder beetle.
The boulder beetle is heavily wounded.
You are no longer berserk.
You are exhausted.
You feel yourself slow down.
You hit the boulder beetle but do no damage.
The boulder beetle is heavily wounded.
The boulder beetle bites you!
You die...

........#####...........#.######
....##..........#......####
................##....#..#
#..##..........##........#
#.#####..................#
#..####........##........# ###
..............[.........## ##.#
........#####.).(.##.....#####..#
..........###.[.@..#......##.....
.................B.#.....)#......
......##..............#..........
.....##...............###...#..#.
##...###.......#.##.####...##..#.
..............##.##..............
..............#....○....#.....#..
........#.......##....####.#####.
.......##........#..### ### ##


You could see a boulder beetle.

Vanquished Creatures
  2 black bears
  A phantom (D:5)
  A jelly (D:5)
  An orc priest (D:5)
  A hound (D:3)
  5 orc wizards
  3 adders
  2 worms
  2 dart slugs (D:2)
  13 orcs
  12 endoplasms
  3 goblins (D:1)
  5 hobgoblins
  4 jackals (D:1)
  11 kobolds
  3 quokkas
  7 ball pythons
  5 bats
  4 frilled lizards
  10 rats
95 creatures vanquished.

Notes
Turn   | Place    | Note
-------+----------+-------------------------------------------
     0 | D:1      | kae the Draconian Transmuter began the quest for the Orb.
     0 | D:1      | Reached XP level 1. HP: 16/16 MP: 3/3
   549 | D:1      | Reached XP level 2. HP: 22/23 MP: 3/5
   998 | D:1      | Reached XP level 3. HP: 23/28 MP: 4/6
  1002 | D:1      | Learned a level 3 spell: Spider Form
  2527 | D:2      | Found a faded altar of an unknown god.
  2880 | D:3      | Identified the +0 scale mail of Orifeal {Harm rC- SInv}
  2951 | D:3      | Found Ciujipha's Antique Armour Shop.
  3446 | D:3      | Reached XP level 4. HP: 35/35 MP: 7/7
  3526 | D:3      | Reached skill level 1 in Poison Magic
  3636 | D:3      | Reached XP level 5. HP: 38/41 MP: 5/8
  3820 | D:3      | Learned a level 4 spell: Ice Form
  4047 | D:4      | Found an iron altar of Okawaru.
  4575 | D:4      | Found a basalt altar of Yredelemnul.
  4636 | D:4      | Noticed a black bear
  4649 | D:4      | Killed a black bear
  4650 | D:4      | Reached skill level 1 in Ice Magic
  5050 | D:5      | Entered Level 5 of the Dungeon
  5060 | D:5      | Reached XP level 6. HP: 39/48 MP: 3/9
  5474 | D:5      | Found Pittipt's Jewellery Shoppe.
  5507 | D:5      | Found a staircase to the Ecumenical Temple.
  5563 | Temple   | Entered the Ecumenical Temple
  5692 | Temple   | Became a worshipper of Ru the Awakened
  5811 | D:5      | Your scales start taking on a rich purple colour.
  5811 | D:5      | Reached XP level 7. HP: 54/56 MP: 12/12
  6063 | D:6      | Noticed a boulder beetle
  6309 | D:5      | Slain by a boulder beetle

Illustrated notes

Levels and vault maps discovered:
D:1:      lightli_arrival_windingriver, layout_loops_cross,
          serial_co_window_serial, co_window_paths_a, co_window_paths_a,
          co_window_corner_a, co_window_cross_1, co_window_cross_1,
          co_window_paths_b, co_window_paths_b, co_window_corner_b,
          co_window_broadway_c, co_window_corner_b, co_window_4corner_a,
          co_window_paths_d, glass_columns_a, minmay_misc_feat_doors,
          minmay_pentomino_p4
D:2:      layout_loops_ring, basic_ecumenical_altar, st_stairs_8,
          minmay_box_of_dots
D:3:      layout_loops_ring, serial_shops, nicolae_shop_stone
D:4:      layout_layer_cave, okawaru_ov_weapons_minmay,
          mainiacjoe_overflow_boulevard
D:5:      layout_cave_pools, minmay_temple_entry_trees, serial_shops,
          nicolae_stop_n_shop_1
D:6:      layout_basic
Temple:   regret_index_temple_waves

Skill      XL: |  1  2  3  4  5  6 |
---------------+-------------------+-----
Dodging        | 2 |  2.9
Transmutations | 3 4 |  4.1
Poison Magic   | 1 2 |  2.0
Fighting       | 2 |  2.7
Unarmed Combat | 4 |  4.7
Ice Magic      | 1 2 |  2.4
Spellcasting   | 3 |  3.5

Action                   |  1- 3 |  4- 6 |  7- 9 || total
-------------------------+-------+-------+-------++-------
Melee: Unarmed           |   134 |    88 |    35 ||   257
       Kick              |    30 |    12 |       ||    42
       Headbutt          |    13 |    17 |     1 ||    31
       Punch             |     3 |     1 |     2 ||     6
       Tailslap          |     7 |     6 |     4 ||    17
 Cast: Beastly Appendage |    41 |    17 |       ||    58
       Spider Form       |       |     4 |     2 ||     6
       Ice Form          |       |     1 |       ||     1
Evoke: Wand              |       |       |     4 ||     4
  Use: Scroll            |     4 |     8 |     2 ||    14
       Potion            |       |       |     1 ||     1
 Stab: Sleeping          |     1 |       |       ||     1
Armor: Skin              |    51 |    29 |     7 ||    87
Dodge: Dodged            |    84 |    68 |    34 ||   186

Table legend: (Time is in decaauts)
 A = Elapsed time spent in this place.
 B = Non-inter-level travel time spent in this place.
 C = Inter-level travel time spent in this place.
 D = Time resting spent in this place.
 E = Time spent auto-exploring this place.
 F = Levels seen in this place.
 G = Mean time per level.
                   A        B        C        D        E       F      G
               +--------+--------+--------+--------+--------+-----+--------+
         Total |   6300 |   5968 |    332 |    781 |   4330 |   7 |  900.0 |
       Dungeon |   6146 |   5851 |    295 |    781 |   4227 |   6 | 1024.3 |
        Temple |    154 |    117 |     37 |      0 |    103 |   1 |  154.0 |
               +--------+--------+--------+--------+--------+-----+--------+

Top non-repeatable levels by time:
     D:1: 1833 daAuts
     D:4: 1300 daAuts
     D:3: 1120 daAuts
     D:5: 970 daAuts
     D:2: 906 daAuts
  Temple: 154 daAuts
     D:6: 14 daAuts
